 Dungeon Crawl Stone Soup version 0.28-a0-512-g960c72b710 (console) character file.

Game seed: 13863995250590989685

59 1020 the Skirmisher (level 3, -3/34 HPs)
             Began as a Minotaur Abyssal Knight on Sept 17, 2021.
             Was a Follower of Lugonu.
             Killed by divine providence
             ... invoked by an orc priest
              (15 damage)
             ... on level 3 of the Dungeon on Sept 22, 2021.
             The game lasted 00:08:19 (2213 turns).

1020 the Skirmisher (Minotaur Abyssal Knight)       Turns: 2213, Time: 00:08:20

Health: -3/34      AC:  8    Str: 17    XL:     3   Next: 78%
Magic:  3/3        EV: 10    Int:  9    God:    Lugonu [*.....]
Gold:   90         SH:  0    Dex:  9    Spells: 2/2 levels left

rFire   . . .      SeeInvis .   a - +1 falchion
rCold   . . .      Faith    .   (no shield)
rNeg    . . .      Spirit   .   c - +0 ring mail
rPois   .          Reflect  .   (helmet restricted)
rElec   .          Harm     .   i - +2 cloak
rCorr   .          Rampage  .   (no gloves)
Will    .....                   (no boots)
Stlth   ..........              j - amulet of the acrobat
HPRegen 0.11/turn               (no ring)
MPRegen 0.08/turn               (no ring)

@: no status effects
A: horns 2, retaliatory headbutt
a: Renounce Religion, Depart the Abyss


You were on level 3 of the Dungeon.
You worshipped Lugonu.
Lugonu was aware of your devotion.
You visited 1 branch of the dungeon, and saw 3 of its levels.
You visited the Abyss 1 time.

You collected 90 gold pieces.

Inventory:

Hand Weapons
 a - a +1 falchion (weapon)
Armour
 c - a +0 ring mail (worn)
 i - a +2 cloak (worn)
Jewellery
 j - an amulet of the acrobat (around neck)
Scrolls
 k - a scroll of holy word {unknown}
Potions
 b - a potion of curing {unknown}
 d - a potion of ambrosia {unknown}
 e - a potion of magic {unknown}
 f - 2 potions of brilliance {unknown}
 g - a potion of degeneration {unknown}
 h - a potion of flight {unknown}


   Skills:
 + Level 4.4 Fighting
 + Level 3.7 Long Blades
 + Level 3.0 Armour
 + Level 1.2 Dodging
 + Level 1.9 Invocations


You had 2 spell levels left.
You didn't know any spells.
Your spell library contained the following spells:

 Spells                   Type           Power      Damage    Failure   Level
 Animate Skeleton         Necr           0%         N/A       58%         1
 Apportation              Tloc           0%         N/A       58%         1
 Pain                     Necr           0%         1d4       58%         1
 Vampiric Draining        Necr           0%         2d6       91%         3
 Alistair's Intoxication  Tmut/Pois      0%         N/A       100%        5
 Invisibility             Hex            0%         N/A       100%        6


Dungeon Overview and Level Annotations

Branches:
Dungeon (3/15)

Altars:

Shops:
D:1 !


Innate Abilities, Weirdness & Mutations

You have a pair of horns on your head.
You reflexively headbutt those who attack you in melee.


Message History

The orc is heavily wounded.
The orc hits you but does no damage.
You slash the orc!
You kill the orc!
Lugonu accepts your kill.
You hit the orc.
The orc is almost dead.
The orc barely misses you. You furiously retaliate!
You headbutt the orc!
You kill the orc!
Lugonu accepts your kill. The orc misses you.
Things that are here:
a +0 hand axe; a +0 falchion You hit the orc.
You headbutt the orc.
You kill the orc!
Lugonu accepts your kill.
Your Armour skill increases to level 3!
No target in view!
No target in view!
No target in view!
HP restored.
You open the door. 3 orcs, an orc priest and an orc wizard come into view.
The orc shouts! x3; The orc wizard shouts!
The orc priest shouts!
The orc priest mumbles some strange prayers to Beogh against you.
Beogh smites you!
The orc priest mumbles some strange prayers to Beogh against you.
Beogh smites you!
You hit the orc wizard. Your headbutt misses the orc wizard.
The orc wizard is lightly wounded.
The orc wizard hits you with a +0 dagger.
You miss the orc wizard.
The orc wizard is lightly wounded.
The orc wizard casts a spell.
The orc wizard flickers and vanishes!
Deactivating autopickup; reactivate with Ctrl-A.
You barely miss something.
The orc priest mumbles some strange prayers to Beogh against you.
Beogh smites you!
You die...

#.# #.# #.#
#.### #...#
#...#########
#....))......
#...#########
#####@#.#
#....{..#
#####.### #o#


ooo ..... ....... ......... +.........+ You could see an orc priest and 3 orcs.

Vanquished Creatures
  An adder (D:2)
  A worm (D:2)
  2 dart slugs (D:1)
  3 orcs (D:3)
  3 ball pythons
  3 bats
  5 endoplasms
  4 hobgoblins
  2 kobolds (D:1)
  2 quokkas (D:2)
  3 frilled lizards
  4 goblins
  5 rats
38 creatures vanquished.

Notes
Turn   | Place    | Note
-------+----------+-------------------------------------------
     0 | Abyss:1  | 1020 the Minotaur Abyssal Knight began the quest for the
                  | Orb.
     0 | Abyss:1  | Reached XP level 1. HP: 19/19 MP: 1/1
     2 | D:1      | Escaped the Abyss
   228 | D:1      | Reached XP level 2. HP: 25/27 MP: 2/2
   228 | D:1      | Upgraded the game from 0.28-a0-477-g0b43c73ce0 to
                  | 0.28-a0-512-g960c72b710
   308 | D:1      | Found Oblyel's Distillery.
   317 | D:1      | Reached skill level 4 in Fighting
   564 | D:1      | Reached * piety under Lugonu
   878 | D:2      | Reached XP level 3. HP: 33/33 MP: 3/3
  1495 | D:2      | Found a faded altar of an unknown god.
  2213 | D:3      | Killed from afar by an orc priest

Illustrated notes

Levels and vault maps discovered:
D:1:      minmay_arrival_hallway, layout_loops_ring, serial_shops, shop,
          amcnicky_mini_corridor_feature, supply_closet_lemuel
D:2:      layout_basic, shapermc_ecumenical_altar_pompeii, bh_walls_and_bars
D:3:      layout_loops_corners, kennysheep_vampire_church,
          nicolae_wu_jian_immortal_techniques

Skill      XL: |  1  2  3 |
---------------+----------+-----
Fighting       | 4 |  4.4
Long Blades    | 3 |  3.7
Armour         | 3 |  3.0
Dodging        | |  1.2
Invocations    | |  1.9

Action                   || total
-------------------------++-------
Melee: Falchion          ||    83
       Headbutt          ||     8
Invok: Depart the Abyss  ||     1
Armor: Leather armour    ||     6
       Ring mail         ||    23
Dodge: Dodged            ||    58

Table legend: (Time is in decaauts)
 A = Elapsed time spent in this place.
 B = Non-inter-level travel time spent in this place.
 C = Inter-level travel time spent in this place.
 D = Time resting spent in this place.
 E = Time spent auto-exploring this place.
 F = Levels seen in this place.
 G = Mean time per level.
                   A        B        C        D        E       F      G
               +--------+--------+--------+--------+--------+-----+--------+
         Total |   2224 |   2224 |      0 |      0 |   1292 |   4 |  556.0 |
       Dungeon |   2222 |   2222 |      0 |      0 |   1292 |   3 |  740.7 |
         Abyss |      2 |      2 |      0 |      0 |      0 |   1 |    2.0 |
               +--------+--------+--------+--------+--------+-----+--------+

Top non-repeatable levels by time:
     D:2: 1196 daAuts
     D:1: 780 daAuts
     D:3: 246 daAuts
 Abyss:1: 2 daAuts
